 Dungeon Crawl Stone Soup version 0.26.1-11-gd32895ea62 (webtiles) character file.

Game seed: 5414761267846308733

29114 buriedalive the Nimble (level 13, -1/76 HPs)
             Began as a Deep Elf Ice Elementalist on June 1, 2021.
             Was a Priest of Ashenzari.
             Shot with an arrow by Nessos (5 damage)
             ... while petrified by a basilisk
             ... on level 5 of the Lair of Beasts.
             The game lasted 00:40:40 (22690 turns).

buriedalive the Nimble (Deep Elf Ice Elementalist) Turns: 22690, Time: 00:40:40

Health: -1/76      AC: 23    Str:  5    XL:     13   Next: 13%
Magic:  16/22      EV:  2    Int: 26    God:    Ashenzari [***...]
Gold:   838        SH:  0    Dex: 15    Spells: 7/22 levels left

rFire    . . .     SeeInvis +   J - +9 dagger (vorpal) (curse)
rCold    . . .     Faith    .   (no shield)
rNeg     + + +     Spirit   .   y - +3 leather armour {rPois}
rPois    ∞         Reflect  .   r - +2 helmet
rElec    .         Harm     .   v - +1 cloak {Stlth+}
rCorr    .         Rampage  .   w - +0 pair of gloves
Will     +....     Rnd*Tele +   (no boots)
Stlth    ++........             T - amulet of regeneration
HPRegen  0.62/turn              j - +4 ring of protection (curse)
MPRegen  0.18/turn              C - ring of wizardry (curse)

@: icy armour, petrified, frozen ramparts
A: hooves 1, frail 1, teleportitis 1, MP-powered wands
a: Renounce Religion, Curse Item, Scrying


You were on level 5 of the Lair of Beasts.
You worshipped Ashenzari.
Ashenzari was most pleased with you.
You visited 3 branches of the dungeon, and saw 14 of its levels.
You also visited: Ossuary.

You collected 1003 gold pieces.
You spent 165 gold pieces at shops.

Inventory:

Hand Weapons
 e - a +1 dagger
 g - a +0 rapier
 J - a cursed +9 vorpal dagger (weapon)
Missiles
 l - 43 poisoned darts (quivered)
 p - 355 stones
Armour
 a - a +0 robe
 d - a scarf of invisibility
 r - a +2 helmet (worn)
 v - a +1 cloak of stealth (worn)
 w - a +0 pair of gloves (worn)
 y - a +3 leather armour of poison resistance (worn)
 E - a +1 robe of resistance
Magical Staves
 B - an uncursed staff of poison
 N - an uncursed staff of fire
Jewellery
 j - a cursed +4 ring of protection (left hand)
 k - an uncursed amulet of guardian spirit
 C - a cursed ring of wizardry (right hand)
 I - a +6 ring of strength
 T - an amulet of regeneration (around neck)
Wands
 b - a wand of paralysis (4)
 s - a wand of digging (7)
 D - a wand of polymorph (10)
 F - a wand of random effects (11)
 K - a wand of iceblast (1)
 O - a wand of acid (8)
Scrolls
 o - 4 scrolls of teleportation
 q - a scroll of fear
 H - 5 scrolls of remove curse
 L - 2 scrolls of identify
 P - 2 scrolls of fog
 Q - a scroll of random uselessness {unknown}
 S - a scroll of blinking {unknown}
Potions
 c - 3 potions of flight
 f - 5 potions of might
 h - 5 potions of haste
 i - 3 potions of curing
 m - 3 potions of lignification
 t - 3 potions of berserk rage
 u - 4 potions of invisibility
 x - a potion of resistance
 z - a potion of cancellation
 A - 3 potions of brilliance
 G - a potion of magic
 R - a potion of mutation
Miscellaneous
 n - a phial of floods
 M - a condenser vane


   Skills:
 + Level 11.8 Fighting
 + Level 13.9 Dodging
 - Level 2.4 Stealth
 - Level 5.0 Spellcasting
 - Level 9.1(10.9) Conjurations
 - Level 6.7(8.6) Summonings
 - Level 9.0(10.8) Ice Magic


You had 7 spell levels left.
You knew the following spells:

 Your Spells              Type           Power        Failure   Level
a - Freeze                Ice            100%         1%          1
b - Frozen Ramparts       Ice            100%         1%          3
c - Ozocubu's Armour      Ice            58%          1%          3
d - Hailstorm             Conj/Ice       58%          1%          4
e - Summon Ice Beast      Ice/Summ       55%          1%          4

Your spell library contained the following spells:

 Spells                   Type           Power        Failure   Level
 Apportation              Tloc           14%          4%          1
 Beastly Appendage        Tmut           14%          4%          1
 Ice Form                 Ice/Tmut       35%          5%          4
 Wereblood                Tmut           7%           8%          2
 Lesser Beckoning         Tloc           3%           14%         3
 Spider Form              Tmut/Pois      3%           14%         3
 Tukima's Dance           Hex            7%           14%         3
 Irradiate                Conj/Tmut      17%          14%         5
 Alistair's Intoxication  Tmut/Pois      4%           75%         5
 Blade Hands              Tmut           3%           75%         5
 Hydra Form               Tmut           3%           99%         6
 Invisibility             Hex            7%           99%         6
 Statue Form              Tmut/Erth      4%           99%         6
 Dragon Form              Tmut           3%           100%        7


Dungeon Overview and Level Annotations

Branches:
Dungeon (8/15)             Temple (1/1) D:5            Lair (5/6) D:8
 Shoals (0/4) Lair:3       Spider (0/4) Lair:3      Ossuary (visited)
  Slime: Lair:5-6

Altars:
Ashenzari
Cheibriados
Dithmenos
Elyvilon
Fedhas
Gozag
Hepliaklqana
Kikubaaqudgha
Makhleb
Nemelex Xobeh
Okawaru
Qazlal
Ru
Sif Muna
Trog
Uskayaw
Vehumet
Wu Jian
Xom
Yredelemnul
Zin
The Shining One

Shops:
D:4 :*(}[

Annotations:
Lair:2 exclusion: 2 oklob plants
Lair:3 2 transporters
Lair:5 Nessos


Innate Abilities, Weirdness & Mutations

You have large cloven feet.
You are frail. (-10% HP)
You are occasionally teleported next to monsters.
You expend magic power (3 MP) to strengthen your wands.


Message History

The wall freezes Nessos.
Nessos blinks!
Nessos wields a +1 longbow of flaming.
It bursts into flame!
Nessos shoots an arrow.
The arrow hits you but does no damage.
Nessos blinks!
Nessos shoots an arrow.
The arrow hits you!
* * * LOW HITPOINT WARNING * * *
The arrow burns you.
* * * LOW HITPOINT WARNING * * *
The heat melts your icy armour.
Nessos shoots an arrow.
The arrow hits you.
* * * LOW HITPOINT WARNING * * *
The arrow burns you.
Nessos shoots an arrow.
The arrow hits you!!
* * * LOW HITPOINT WARNING * * *
The arrow burns you!
* * * LOW HITPOINT WARNING * * *
The heat melts your icy armour.
Nessos shoots an arrow.
The arrow hits you. The arrow burns you. The heat melts your icy armour.
Nessos shoots an arrow.
The arrow hits you. The arrow burns you.
Nessos shoots an arrow.
The arrow hits you!
You die...

**, , ## , * .##
.#. * , ,
..###... , , ,
c....... , * ,
**, ........ *
*###.((....., *
#P(#....#.. , ,
, ** #@......#
,, , ###......#*
##(......## , ,
#.........# ,
+#####.........#
,
#...≈#.......#.#
, ,
#...≈#....#...#.
,
#...≈#....##...#
, ,
#...≈#..........


You could see Nessos (fast).

Vanquished Creatures
  4 hydras
  2 boulder beetles
  6 death yaks (Lair:3)
  Nergalle (Lair:2)
  An oklob plant (Lair:2)
  3 elephants (Lair:5)
  2 torpor snails (Lair:3)
  6 cane toads
  A rime drake (Lair:3)
  6 komodo dragons
  A merfolk (Lair:3)
  A polar bear (Lair:3)
  A troll (D:8)
  2 dream sheep (Lair:3)
  12 blink frogs
  Sigmund (D:3)
  A wyvern (Lair:4)
  7 spriggans (Lair:1)
  26 yaks
  2 basilisks
  7 water moccasins
  2 orc warriors
  A black bear (Lair:5)
  A phantom (D:8)
  26 wolves
  3 ogres
  4 centaurs
  Blork the orc (D:6)
  15 bullfrogs
  3 water moccasin zombies
  4 scorpions
  An electric eel (Lair:2)
  3 howler monkeys
  A centaur zombie (D:7)
  2 bullfrog zombies
  2 bullfrog skeletons (D:6)
  4 orc priests
  2 hounds (D:8)
  2 jellies
  An iguana (D:7)
  6 orc wizards
  4 worker ants
  3 big kobold zombies (Ossuary)
  A hound zombie (D:5)
  2 mummies (Ossuary)
  A howler monkey zombie (D:8)
  10 adders
  A river rat (D:5)
  2 shadow imps
  2 white imps
  2 ufetubi (D:5)
  3 oozes
  6 adder zombies
  An adder skeleton (D:4)
  7 worms
  A dart slug (D:3)
  13 leopard geckos
  24 orcs
  3 giant cockroaches
  3 gnoll zombies (Ossuary)
  12 goblins
  9 hobgoblins
  4 jackals (D:2)
  3 kobolds
  3 quokkas
  6 bats
  2 frilled lizards
  6 hobgoblin zombies (Ossuary)
  A jackal skeleton (D:7)
  A kobold zombie (Ossuary)
  2 orc zombies (Ossuary)
  A quokka zombie (D:5)
  12 rats
328 creatures vanquished.

Vanquished Creatures (collateral kills)
  A blink frog (Lair:2)
  A yak (D:8)
  A wolf (Lair:2)
3 creatures vanquished.

Vanquished Creatures (others)
  22 fungi
  35 plants
57 creatures vanquished.

Grand Total: 388 creatures vanquished

Notes
Turn   | Place    | Note
-------+----------+-------------------------------------------
     0 | D:1      | buriedalive the Deep Elf Ice Elementalist began the quest
                  | for the Orb.
     0 | D:1      | Reached XP level 1. HP: 10/10 MP: 6/6
   199 | D:1      | Reached XP level 2. HP: 2/15 MP: 2/8
  1090 | D:1      | Reached skill level 3 in Dodging
  1644 | D:2      | Reached XP level 3. HP: 17/19 MP: 8/10
  1665 | D:2      | Learned a level 3 spell: Frozen Ramparts
  1669 | D:2      | Learned a level 3 spell: Ozocubu's Armour
  1965 | D:2      | Reached skill level 5 in Ice Magic
  2331 | D:2      | Reached XP level 4. HP: 19/24 MP: 9/12
  2701 | D:2      | Noticed an orc warrior
  2713 | D:2      | HP: 1/24 [orc warrior/+1 flail of holy wrath (9)]
  2716 | D:2      | Killed an orc warrior
  2717 | D:2      | Reached skill level 4 in Dodging
  2717 | D:2      | Reached skill level 5 in Spellcasting
  2717 | D:2      | Reached XP level 5. HP: 25/28 MP: 3/14
  3404 | D:3      | Reached XP level 6. HP: 32/32 MP: 7/15
  3407 | D:3      | Reached skill level 5 in Dodging
  4570 | D:3      | Noticed Sigmund
  4591 | D:3      | Killed Sigmund
  4592 | D:3      | Reached skill level 6 in Dodging
  4592 | D:3      | Reached XP level 7. HP: 29/36 MP: 8/16
  4944 | D:4      | Found Gera's Gadget Shoppe.
  5145 | D:4      | Reached skill level 7 in Dodging
  5276 | D:4      | Found a blossoming altar of Fedhas.
  5291 | D:4      | Found Gauro's Weapon Shop.
  5313 | D:4      | Found Voebi's Assorted Antiques.
  5321 | D:4      | Bought a glowing cloak for 165 gold pieces
  5358 | D:4      | Found Togar's Book Boutique.
  5427 | D:4      | Found Niys's Armour Emporium.
  5553 | D:4      | Gained mutation: Your magical capacity is low. (-10% MP)
                  | [potion of mutation]
  5553 | D:4      | Gained mutation: Your spells are a little harder to cast,
                  | but a little more powerful. [potion of mutation]
  5553 | D:4      | Gained mutation: You are partially covered in yellow
                  | scales. (AC +2) [potion of mutation]
  5591 | D:5      | Entered Level 5 of the Dungeon
  5722 | D:5      | Reached XP level 8. HP: 7/41 MP: 0/15
  5724 | D:5      | Reached skill level 8 in Dodging
  6044 | D:5      | Found a glowing silver altar of Zin.
  6048 | D:5      | Found an iron altar of Okawaru.
  6049 | D:5      | Found a hide-covered altar of Uskayaw.
  6107 | D:5      | Found a staircase to the Ecumenical Temple.
  6113 | Temple   | Entered the Ecumenical Temple
  6216 | Temple   | Became a worshipper of Ashenzari the Shackled
  7208 | D:6      | Found a sand-covered staircase.
  7216 | Ossuary  | Entered an ossuary
  7681 | Ossuary  | Reached skill level 1 in Fighting
  7681 | Ossuary  | Reached skill level 9 in Dodging
  8278 | D:6      | Lost mutation: Your magical capacity is low. (-10% MP)
                  | [potion of mutation]
  8278 | D:6      | Lost mutation: Your spells are a little harder to cast, but
                  | a little more powerful. [potion of mutation]
  8278 | D:6      | Lost mutation: You are partially covered in yellow scales.
                  | (AC +2) [potion of mutation]
  8278 | D:6      | Gained mutation: You are frail. (-10% HP) [potion of
                  | mutation]
  8278 | D:6      | Gained mutation: You are occasionally teleported next to
                  | monsters. [potion of mutation]
  8278 | D:6      | Gained mutation: You expend magic power (3 MP) to
                  | strengthen your wands. [potion of mutation]
  8278 | D:6      | Gained mutation: You have large cloven feet. [potion of
                  | mutation]
  8614 | D:6      | Found a radiant altar of Vehumet.
  9057 | D:6      | Noticed Blork the orc
  9072 | D:6      | Killed Blork the orc
  9191 | D:6      | Reached XP level 9. HP: 39/44 MP: 13/18
  9911 | D:7      | Reached * piety under Ashenzari
  9941 | D:7      | Reached skill level 10 in Dodging
 10782 | D:8      | Found an opulent altar of Gozag.
 11098 | D:8      | Found a bloodstained altar of Trog.
 11245 | D:8      | Reached skill level 11 in Dodging
 11397 | D:8      | Noticed a troll
 11477 | D:8      | Killed a troll
 11478 | D:8      | Reached skill level 5 in Fighting
 11780 | D:8      | Found a staircase to the Lair.
 11791 | Lair:1   | Entered Level 1 of the Lair of Beasts
 11807 | Lair:1   | Noticed a cane toad
 11858 | Lair:1   | Reached XP level 10. HP: 42/54 MP: 13/19
 11862 | Lair:1   | Reached skill level 12 in Dodging
 12200 | Lair:1   | Noticed a cane toad
 12208 | Lair:1   | Killed a cane toad
 12326 | Lair:1   | Reached ** piety under Ashenzari
 12338 | Lair:1   | Noticed a six-headed hydra
 12353 | Lair:1   | Killed a six-headed hydra
 12354 | Lair:1   | Reached skill level 13 in Dodging
 12390 | Lair:1   | Learned a level 4 spell: Hailstorm
 12395 | Lair:1   | Learned a level 4 spell: Summon Ice Beast
 12557 | Lair:1   | Reached skill level 1 in Summonings
 12581 | Lair:1   | Killed a cane toad
 12628 | Lair:1   | Noticed a five-headed hydra
 12673 | Lair:1   | Killed a five-headed hydra
 12674 | Lair:1   | Reached XP level 11. HP: 60/61 MP: 9/20
 13816 | Lair:1   | Reached skill level 5 in Summonings
 14611 | Lair:2   | Noticed a boulder beetle
 14612 | Lair:2   | Noticed an oklob plant
 14612 | Lair:2   | Noticed an oklob plant
 14793 | Lair:2   | Noticed an oklob plant
 15113 | Lair:2   | Killed an oklob plant
 15114 | Lair:2   | Reached skill level 1 in Conjurations
 15457 | Lair:2   | Killed a boulder beetle
 15831 | Lair:2   | Noticed a four-headed hydra
 15848 | Lair:2   | Killed a four-headed hydra
 17537 | Lair:2   | Noticed Nergalle
 17551 | Lair:2   | Killed Nergalle
 17552 | Lair:2   | Reached skill level 10 in Fighting
 17552 | Lair:2   | Reached skill level 5 in Conjurations
 17552 | Lair:2   | Reached XP level 12. HP: 63/69 MP: 4/21
 17902 | Lair:3   | Noticed a boulder beetle
 17925 | Lair:3   | Killed a boulder beetle
 18335 | Lair:3   | Found a hole to the Spider Nest.
 18673 | Lair:3   | Noticed a death yak
 18673 | Lair:3   | Noticed a death yak
 18685 | Lair:3   | Killed a death yak
 18687 | Lair:3   | Killed a death yak
 19145 | Lair:3   | Found a staircase to the Shoals.
 19449 | Lair:3   | Noticed a death yak
 19463 | Lair:3   | Killed a death yak
 19932 | Lair:3   | Found a transporter.
 19932 | Lair:3   | Found a transporter.
 19932 | Lair:3   | Noticed a boulder beetle
 19932 | Lair:3   | Noticed a boulder beetle
 20339 | Lair:3   | Noticed a death yak
 20339 | Lair:3   | Noticed a death yak
 20340 | Lair:3   | Noticed a death yak
 20992 | Lair:4   | Noticed a six-headed hydra
 21006 | Lair:4   | Killed a six-headed hydra
 21262 | Lair:4   | Reached *** piety under Ashenzari
 21760 | Lair:3   | Killed a death yak
 21765 | Lair:3   | Killed a death yak
 21766 | Lair:3   | Killed a death yak
 22006 | Lair:5   | Reached XP level 13. HP: 75/75 MP: 13/22
 22666 | Lair:5   | Noticed Nessos
 22688 | Lair:5   | HP: 3/76 [Nessos/arrow (3)]
 22690 | Lair:5   | Shot with an arrow by Nessos

Illustrated notes

Levels and vault maps discovered:
D:1:      evilmike_arrival_hilbert_curve, layout_loops_ring,
          minmay_stone_trees_medium, amcnicky_mini_rare_corridor_liquid,
          kennysheep_boxes
D:2:      layout_loops_cross, minmay_tall_x
D:3:      layout_basic, uniq_sigmund
D:4:      minmay_wonky_spiral, layout_cave_pools, serial_shops, shop,
          nicolae_shop_statue_plus, shop, shop, shop_statue, fedhas_altar_2
D:5:      layout_cave_pools, grunt_temple_overflow_open,
          minmay_temple_entry_fiery, gup_sewer_entry_spiral, minmay_starry_boxes
D:6:      layout_basic, lemuel_doored_altar,
          lightli_ossuary_entry_decrepit_ruins, kennysheep_donut,
          uniq_blork_the_orc
D:7:      layout_gridville
D:8:      layout_loops_ring, marbit_many_paths, old_standard_altar,
          erik_lair_island
Temple:   lightli_temple_of_artemis
Lair:1:   kb_forest_paths, layout_regular_city
Lair:2:   layout_cave_pods, chequers_serial_rivers_small_3, minivault_19,
          chequers_serial_rivers_room_a, serial_bayou_shore_a,
          minmay_lair_oklob_chamber, infiniplex_staircase_pool,
          lemuel_fruit_fields, uniq_nergalle
Lair:3:   gammafunk_boulding_lane, layout_loops_ring, elwin_shoals_entry_rooms,
          spider_nest_entry_web_field, grunt_megastairs_2
Lair:4:   layout_hall_layers, grunt_megastairs_4
Lair:5:   layout_layer_cave, chequers_serial_rivers_micro_b,
          chequers_serial_rivers_room_a, uniq_nessos

Skill      XL: |  1  2  3  4  5  6  7  8  9 10 11 12 |
---------------+-------------------------------------+-----
Dodging        | 3 4 6 7 9 11 13 | 13.9
Spellcasting   | 4 5 |  5.0
Ice Magic      | 5 6 7 8 9 |  9.0
Fighting       | 2 5 8 10 11 | 11.8
Summonings     | 4 6 |  6.7
Conjurations   | 5 9 |  9.1
Stealth        | |  2.4

Action                   |  1- 3 |  4- 6 |  7- 9 | 10-12 | 13-15 || total
-------------------------+-------+-------+-------+-------+-------++-------
Melee: Dagger            |    19 |    40 |   494 |   250 |    36 ||   839
       Kick              |       |       |    37 |    44 |     6 ||    87
Throw: Dart              |       |     9 |     9 |     4 |       ||    22
 Cast: Freeze            |    47 |    30 |    64 |   180 |    23 ||   344
       Frozen Ramparts   |     2 |    12 |    50 |    52 |     7 ||   123
       Ozocubu's Armour  |       |     4 |    37 |    31 |     2 ||    74
       Summon Ice Beast  |       |       |       |     3 |       ||     3
       Hailstorm         |       |       |       |     5 |       ||     5
Invok: Curse Item        |       |       |     3 |       |       ||     3
Evoke: Wand              |       |       |       |     5 |       ||     5
  Use: Potion            |       |     3 |     3 |     2 |     1 ||     9
       Scroll            |       |    12 |    15 |     7 |       ||    34
 Stab: Sleeping          |     1 |     3 |     2 |     3 |       ||     9
Armor: Robe              |     3 |    14 |   113 |       |       ||   130
       Leather armour    |       |       |    79 |   142 |    39 ||   260
Dodge: Dodged            |    33 |    51 |   426 |   427 |   100 ||  1037
